 Dungeon Crawl Stone Soup version 0.31.0 (webtiles) character file.

Game seed: 226507641531409781

513 qw the Shooter (level 7, -1/44 HPs)
             Began as a Gargoyle Hunter on Jan 19, 2024.
             Was a Follower of Okawaru.
             Slain by Duvessa
             ... wielding a +0 rapier
              (15 damage)
             ... on level 4 of the Dungeon.
             The game lasted 00:00:14 (2836 turns).

qw the Shooter (Gargoyle Hunter)                    Turns: 2836, Time: 00:00:14

Health: -1/44      AC: 12    Str: 15    XL:     7   Next: 20%
Magic:  7/9        EV: 13    Int: 12    God:    Okawaru [*.....]
Gold:   228        SH:  0    Dex: 15    Spells: 6/6 levels left

rFire   . . .        c - +8 shortbow "Veagh" {freeze, rElec rN+}
rCold   . . .        (shield currently unavailable)
rNeg    + + .        j - +0 ring mail of Uridicka {Will++ rCorr}
rPois   inf          (no helmet)
rElec   +            i - +0 cloak
rCorr   +            (no gloves)
SInv    .            (no boots)
Will    ++...        n - amulet "Cingaumu" {Faith Regen+ Int+3}
Stlth   +++          (no ring)
HPRegen 1.07/turn    (no ring)
MPRegen 0.11/turn

%: faith
@: heroic
A: sickness immunity, AC +4, negative energy resistance 1, electricity
resistance, torment resistance 1, petrification resistance
a: Renounce Religion, Heroism


You were on level 4 of the Dungeon.
You worshipped Okawaru.
Okawaru was aware of your devotion.
You visited 2 branches of the dungeon, and saw 5 of its levels.

You collected 228 gold pieces.


Innate Abilities, Weirdness & Mutations

You are immune to sickness and miasma.
Your stone body is resilient. (AC +4)
You are immune to poison.
You resist negative energy. (rN+)
You are resistant to electric shocks. (rElec)
You are resistant to unholy torment.
You are immune to petrification.


   Skills:
 - Level 4.5(9.5) Fighting
 + Level 6.7(11.7) Ranged Weapons
 - Level 1.0(6.0) Armour
 - Level 1.5(6.5) Dodging
 - Level 1.1(6.1) Stealth
 + Level 3.0 Invocations


You had 6 spell levels left.
You didn't know any spells.
Your spell library was empty.

Inventory:

Hand Weapons
 c - the +8 shortbow "Veagh" (weapon) {freeze, rElec rN+}
   (You acquired it on level 2 of the Dungeon)

   rElec:     It insulates you from electricity.
   rN+:       It protects you from negative energy.
Armour
 i - a +0 cloak (worn)
 j - the +0 ring mail of Uridicka (worn) {Will++ rCorr}
   (You found it on level 2 of the Dungeon)

   Will++:    It greatly increases your willpower.
   rCorr:     It protects you from acid and corrosion.
Jewellery
 n - the amulet "Cingaumu" (around neck) {Faith Regen+ Int+3}
   (You found it on level 2 of the Dungeon)

   [amulet of faith]

   Faith:     It allows you to gain divine favour quickly.
   Int+3:     It affects your intelligence (+3).
   Regen+:    It increases your rate of health regeneration.
Scrolls
 a - a scroll of summoning {unknown}
 l - 2 scrolls of teleportation
Potions
 b - a potion of magic {unknown}
 d - a potion of might
 e - 2 potions of heal wounds
 f - 2 potions of mutation {unknown}
 g - a potion of haste {unknown}
 h - 2 potions of curing
 k - a potion of brilliance {unknown}
 o - a potion of attraction {unknown}

Dungeon Overview and Level Annotations

Branches:
Dungeon (4/15)             Temple (1/1) D:4

Altars:
Fedhas
Gozag
Nemelex Xobeh
Okawaru
Ru
Uskayaw
Vehumet
Zin

Annotations:
D:4 Duvessa


Message History

Enter note:
Enter note:
Enter note:
2827 ||| RETREEEEATING.
Duvessa rages.
Enter note:
Enter note:
Enter note:
Enter note:
2828 ||| RETREEEEATING.
Enter note:
Enter note:
Enter note:
Enter note:
2829 ||| RETREEEEATING.
You feel a little less mighty now.
You shoot an arrow. The arrow hits the ball python!
The ball python seems to slow down.
The arrow freezes the ball python.
You kill the ball python!
Okawaru accepts your kill.
You shoot an arrow.
The arrow hits the endoplasm but does no damage.
The endoplasm barely misses you.
The endoplasm hits you but does no damage.
You shoot an arrow. The arrow hits the endoplasm!
The arrow freezes the endoplasm.
You kill the endoplasm!
Okawaru accepts your kill. Duvessa hits you with a +0 rapier!
2833 ||| INVOKING Heroism.
You gain the combat prowess of a mighty hero.
Duvessa hits you but does no damage. Duvessa hits you with a +0 rapier!
You shoot an arrow. The arrow barely misses Duvessa.
Duvessa barely misses you.
You shoot an arrow. The arrow hits Duvessa!
The arrow freezes Duvessa.
Duvessa is lightly wounded.
Duvessa hits you with a +0 rapier!
You shoot an arrow. The arrow barely misses Duvessa.
Duvessa hits you with a +0 rapier!
You die...

#.....[......# .....
##....# ##....[.....## #...
#.....<##..## ##.% .
#..........## #..# ...
##...........###..# #....
#..).............###......
#%)#.....####......).!.#
##.[#.....# ###%........#
#.........###@e.........#
#..........#.###+####......
#.....)......# ......
#...#........# #.....
##..##..[....# #.###
#.###.......# ## ###
##......###' ##............
#.............


You could see Duvessa (berserk).

Vanquished Creatures
  3 wights (D:4)
  Dowan (D:4)
  A howler monkey (D:4)
  3 orc priests (D:4)
  2 orc wizards (D:4)
  6 adders
  2 dart slugs
  A ribbon worm (D:3)
  5 orcs
  10 ball pythons
  5 endoplasms
  3 giant cockroaches
  6 goblins
  8 hobgoblins
  6 jackals
  3 quokkas
  3 bats
  3 frilled lizards
  3 kobolds
  6 rats
80 creatures vanquished.

Notes
Turn   | Place    | Note
-------+----------+-------------------------------------------
     0 | D:1      | qw the Gargoyle Hunter began the quest for the Orb.
     0 | D:1      | Reached XP level 1. HP: 12/12 MP: 1/1
     0 | D:1      | 0 ||| qw: Version: 0.3-a-132-g3d54051
     0 | D:1      | 0 ||| qw: Game counter: 155
     0 | D:1      | 0 ||| qw: Melee chars always use a shield: true
     0 | D:1      | 0 ||| qw: God list: Okawaru
     0 | D:1      | 0 ||| qw: Allow faded altars: false
     0 | D:1      | 0 ||| qw: Do Orc after clearing Dungeon:15 true
     0 | D:1      | 0 ||| qw: Do second Lair branch before Depths: true
     0 | D:1      | 0 ||| qw: Lair rune preference: random
     0 | D:1      | 0 ||| qw: Goals: Normal
     0 | D:1      | 0 ||| PLANNING D:1-11
   263 | D:1      | Reached XP level 2. HP: 17/17 MP: 2/2
   850 | D:1      | Reached XP level 3. HP: 21/21 MP: 3/3
  1035 | D:1      | Reached skill level 5 in Ranged Weapons
  1036 | D:1      | 1036 ||| UPGRADING to +0 cloak.
  1041 | D:1      | 1041 ||| READING scroll labelled NEMNEL QYITWI.
  1045 | D:1      | 1045 ||| DROPPING scroll of butterflies.
  1144 | D:2      | 1144 ||| FLEEEEING.
  1149 | D:2      | 1149 ||| FLEEEEING.
  1150 | D:2      | 1150 ||| FLEEEEING.
  1151 | D:2      | 1151 ||| FLEEEEING.
  1152 | D:2      | 1152 ||| FLEEEEING.
  1155 | D:2      | 1155 ||| FLEEEEING.
  1156 | D:2      | 1156 ||| FLEEEEING.
  1157 | D:2      | 1157 ||| FLEEEEING.
  1158 | D:2      | 1158 ||| FLEEEEING.
  1159 | D:2      | 1159 ||| FLEEEEING.
  1160 | D:2      | 1160 ||| FLEEEEING.
  1163 | D:2      | 1163 ||| FLEEEEING.
  1164 | D:2      | 1164 ||| FLEEEEING.
  1167 | D:2      | 1167 ||| FLEEEEING.
  1168 | D:2      | 1168 ||| STAIRDANCE
  1191 | D:1      | 1191 ||| DRINKING 2 golden potions.
  1334 | D:2      | Reached skill level 3 in Fighting
  1347 | D:2      | Reached XP level 4. HP: 28/28 MP: 4/4
  1432 | D:2      | Identified the +0 ring mail of Uridicka {Will++ rCorr}
  1651 | D:2      | Identified the amulet "Cingaumu" {Faith Regen+ Int+3}
  1810 | D:2      | 1810 ||| UPGRADING to +0 ring mail of Uridicka {Will++
                  | rCorr}.
  1820 | D:2      | 1820 ||| DROPPING +0 leather armour.
  1821 | D:2      | 1821 ||| UPGRADING to amulet "Cingaumu" {Faith Regen+
                  | Int+3}.
  1826 | D:2      | 1826 ||| READING scroll labelled LEEKHL GO TEA.
  1827 | D:2      | 1827 ||| READING scroll labelled MANYACWIFI.
  1827 | D:2      | Identified a scroll of acquirement
  1827 | D:2      | 1827 ||| ACQUIRING +8 shortbow "Veagh" {freeze, rElec rN+}
  1827 | D:2      | Acquired the +8 shortbow "Veagh" {freeze, rElec rN+}
  1829 | D:2      | 1829 ||| SWAPPING to +8 shortbow "Veagh" {freeze, rElec
                  | rN+}.
  1830 | D:2      | 1830 ||| DROPPING +0 shortbow.
  1831 | D:2      | 1831 ||| DRINKING 3 orange potions.
  1954 | D:3      | Reached skill level 1 in Armour
  2400 | D:3      | Found an opulent altar of Gozag.
  2468 | D:3      | 2468 ||| READING scroll labelled TISAN EM OSS.
  2524 | D:4      | Found a staircase to the Ecumenical Temple.
  2525 | D:4      | 2525 ||| PLANNING TEMPLE
  2534 | Temple   | Entered the Ecumenical Temple
  2535 | Temple   | 2535 ||| PLANNING OKAWARU WORSHIP
  2547 | Temple   | Became a worshipper of Warmaster Okawaru
  2548 | Temple   | 2548 ||| PLANNING D:1-11
  2576 | D:4      | Reached XP level 5. HP: 32/32 MP: 5/5
  2581 | D:4      | Reached skill level 6 in Ranged Weapons
  2710 | D:4      | Reached * piety under Okawaru
  2711 | D:4      | Reached XP level 6. HP: 39/39 MP: 6/6
  2718 | D:4      | Reached skill level 1 in Invocations
  2746 | D:4      | 2746 ||| FLEEEEING.
  2752 | D:4      | Reached XP level 7. HP: 36/44 MP: 8/8
  2755 | D:4      | 2755 ||| STAIRDANCE
  2759 | D:3      | 2759 ||| READING scroll labelled RIGHYO GUTSUOCVA.
  2760 | D:3      | 2760 ||| READING scroll labelled ASOCAECZOU.
  2761 | D:3      | 2761 ||| DRINKING 2 fizzy orange potions.
  2820 | D:4      | Noticed Dowan
  2822 | D:4      | Noticed Duvessa
  2823 | D:4      | Killed Dowan
  2823 | D:4      | Reached ** piety under Okawaru
  2824 | D:4      | Reached skill level 3 in Invocations
  2824 | D:4      | 2824 ||| RETREEEEATING.
  2825 | D:4      | 2825 ||| RETREEEEATING.
  2826 | D:4      | 2826 ||| RETREEEEATING.
  2827 | D:4      | 2827 ||| RETREEEEATING.
  2828 | D:4      | 2828 ||| RETREEEEATING.
  2829 | D:4      | 2829 ||| RETREEEEATING.
  2833 | D:4      | 2833 ||| INVOKING Heroism.
  2836 | D:4      | Slain by Duvessa

Levels and vault maps discovered:
D:1:      psy_arrival_radial02, layout_basic, minmay_box_of_dots
D:2:      layout_basic
D:3:      layout_loops_cross, nicolae_gozag_cash_rules_everything_around_me
D:4:      layout_cave_pools, marbit_many_paths, minmay_temple_entry_crystal_x,
          serial_rivers, chequers_serial_rivers_room_b,
          chequers_serial_rivers_micro_c, chequers_serial_rivers_micro_c,
          chequers_serial_rivers_small_3, chequers_serial_rivers_room_b,
          uniq_duvessa
Temple:   nicolae_temple_superstar

Skill      XL: |  1  2  3  4  5  6  7 |
---------------+----------------------+-----
Ranged Weapons | 5 6 |  6.7
Fighting       | 3 4 |  4.5
Armour         | 1 |  1.0
Invocations    | 2 3 |  3.0
Dodging        | |  1.5
Stealth        | |  1.1

Action                     |  1- 3 |  4- 6 |  7- 9 || total
---------------------------+-------+-------+-------++-------
   Fire: Shortbow          |   140 |    81 |    15 ||   236
 Invoke: Heroism           |       |       |     1 ||     1
    Use: Scroll            |     1 |     3 |     2 ||     6
         Potion            |     1 |     1 |     1 ||     3
 Armour: Leather armour    |    54 |     1 |       ||    55
         Ring mail         |       |    12 |    10 ||    22
  Dodge: Dodged            |    40 |    13 |     4 ||    57

Table legend:
 A = Non-vault XP
 B = Vault XP
 C = Vault XP percentage of total XP
 D = Non-vault monster count
 E = Vault monster count
 F = Vault count percentage of total count
                 A         B        C        D         E       F
            +---------+---------+-------+---------+---------+-------
      Total |     664 |      70 |   9.5 |      78 |       2 |   2.5
            +---------+---------+-------+---------+---------+-------
        D:1 |      38 |       1 |   2.6 |      22 |       1 |   4.3
        D:2 |      50 |       0 |   0.0 |      16 |       0 |   0.0
        D:3 |      55 |       0 |   0.0 |      10 |       0 |   0.0
        D:4 |     521 |      69 |  11.7 |      30 |       1 |   3.2
            +---------+---------+-------+---------+---------+-------
